 Dungeon Crawl Stone Soup version 0.31.0-1-g2c135a0 (webtiles) character file.

Game seed: 17162868509054122347

707 smazza the Digger (level 7, -1/36 HPs)
             Began as a Gargoyle Earth Elementalist on Mar 13, 2024.
             Was a Follower of Makhleb.
             Slain by Pikel
             ... wielding a +0 whip of flaming
              (2 damage)
             ... on level 5 of the Dungeon.
             The game lasted 00:10:02 (3438 turns).

smazza the Digger (Gargoyle Earth Elementalist)     Turns: 3438, Time: 00:10:02

Health: -1/36      AC: 10    Str: 12    XL:     7   Next: 67%
Magic:  9/12       EV: 11    Int: 17    God:    Makhleb [*.....]
Gold:   157        SH:  0    Dex: 10    Spells: 2/13 levels left

rFire   . . .        q - +2 dagger (venom)
rCold   . . .        (no shield)
rNeg    + . .        a - +0 robe
rPois   ∞            g - +0 helmet
rElec   +            n - +1 cloak
rCorr   .            (no gloves)
SInv    +            f - +0 pair of boots
Will    .....        (no amulet)
Stlth   ++           e - ring of see invisible
HPRegen 0.26/turn    o - ring of wizardry
MPRegen 0.13/turn

%: wizardry (x1)
@: no status effects
A: sickness immunity, AC +4, negative energy resistance 1, electricity
resistance, torment resistance 1, petrification resistance
a: Renounce Religion


You were on level 5 of the Dungeon.
You worshipped Makhleb.
Makhleb was aware of your devotion.
You visited 1 branch of the dungeon, and saw 5 of its levels.

You collected 157 gold pieces.

Inventory:

Hand Weapons
 h - a +1 dagger of draining
 i - a +0 dagger
 q - a +2 dagger of venom (weapon)
Armour
 a - a +0 robe (worn)
 f - a +0 pair of boots (worn)
 g - a +0 helmet (worn)
 n - a +1 cloak (worn)
Jewellery
 d - a ring of ice
 e - a ring of see invisible (left hand)
 j - a ring of flight
 o - a ring of wizardry (right hand)
Wands
 p - a wand of charming (7)
 t - a wand of flame (10)
Scrolls
 k - a scroll of amnesia
 m - a scroll of identify
Potions
 b - a potion of magic
 c - 2 potions of attraction
 l - a potion of mutation {unknown}
 r - 2 potions of ambrosia {unknown}
 s - a potion of brilliance {unknown}


   Skills:
 - Level 1.5 Dodging
 - Level 2.1 Stealth
 + Level 3.8 Spellcasting
 * Level 5.6 Conjurations
 * Level 7.1 Earth Magic


You had 2 spell levels left.
You knew the following spells:

 Your Spells              Type           Power      Damage    Failure   Level
a - Sandblast             Erth           54%        2d13      1%          1
b - Stone Arrow           Conj/Erth      50%        3d10      1%          3
c - Passwall              Erth           27%        N/A       1%          3
d - Brom's Barrelling Bo  Conj/Erth      25%        2d5       4%          4

Your spell library contained the following spells:

 Spells                   Type           Power      Damage    Failure   Level
 Petrify                  Alch/Erth      15%        N/A       16%         4


Dungeon Overview and Level Annotations

Branches:
Dungeon (5/15)
 Temple: D:4-7

Altars:
Makhleb
Trog
The Shining One

Annotations:
D:3 Grinder, Sigmund
D:5 Pikel


Innate Abilities, Weirdness & Mutations

You are immune to sickness and miasma.
Your stone body is resilient. (AC +4)
You are immune to poison.
You resist negative energy. (rN+)
You are resistant to electric shocks. (rElec)
You are resistant to unholy torment.
You are immune to petrification.


Message History

The lemure hits you but does no damage.
You closely miss the lemure.
The lemure is heavily wounded.
The lemure hits you but does no damage.
Aiming: Sandblast (safe; 1% risk of failure)
Press: ? - help, Q - select action, (/) - cycle Shift-Dir - straight line, f/p - lemure
Aim: a lemure (heavily wounded, very poisoned, 79% to hit)
The blast of sand hits Pikel!
Pikel is moderately wounded.
You barely miss Pikel.
Pikel is moderately wounded.
Pikel barely misses you.
You hit Pikel but do no damage.
Pikel is poisoned.
Pikel is moderately wounded.
Pikel hits you with a +0 whip of flaming.
Pikel burns you.
Aiming: Sandblast (safe; 1% risk of failure)
Press: ? - help, Q - select action, (/) - cycle Shift-Dir - straight line, f/p - lemure
Aim: a lemure (severely wounded, poisoned, 79% to hit)
The blast of sand hits Pikel.
Pikel is heavily wounded.
Pikel hits you with a +0 whip of flaming!
Pikel burns you.
Aiming: Sandblast (safe; 1% risk of failure)
Press: ? - help, Q - select action, (/) - cycle Shift-Dir - straight line, f/p - lemure
Aim: a lemure (severely wounded, poisoned, 79% to hit)
The blast of sand hits Pikel.
Pikel is severely wounded.
Pikel hits you with a +0 whip of flaming!
Pikel burns you.
Pikel hits you with a +0 whip of flaming.
* * * LOW HITPOINT WARNING * * *
Pikel burns you.
* * * LOW HITPOINT WARNING * * *
Pikel attacks as he pursues you!
Pikel hits you with a +0 whip of flaming.
* * * LOW HITPOINT WARNING * * *
Pikel burns you.
You die...
Pikel says, "Another soul for the market."

######..........###.##.##......##
.....................#..'........
.................##..####...^...#
.................##..............
.......$.........###.########...#
.................#.... #...#
.................#.#.## #####
.$.....#########...#.#
...........555.K@..#
.....[....########...#
.....#..<........ ...#
......5.......... #...
......####....... .... ....K.
.###### ... .....5# .# ## .. .# .
##


You could see Pikel (very poisoned) and 3 lemures.

Vanquished Creatures
  A centaur (D:5)
  2 phantoms
  A lemure (D:5)
  A bullfrog (D:4)
  A scorpion (D:4)
  A hound (D:3)
  2 bombardier beetles (D:5)
  Ijyb (D:3)
  Natasha (thrice) (D:2)
  Terence (D:3)
  An iguana (D:4)
  3 gnolls (D:2)
  4 adders
  A shadow imp (D:5)
  A dart slug (D:1)
  An orc (D:4)
  4 ball pythons
  An endoplasm (D:1)
  A giant cockroach (D:2)
  2 goblins (D:2)
  9 hobgoblins
  A jackal (D:1)
  5 kobolds
  A quokka (D:1)
  4 bats
  3 rats
56 creatures vanquished.

Notes
Turn   | Place    | Note
-------+----------+-------------------------------------------
     0 | D:1      | smazza the Gargoyle Earth Elementalist began the quest for
                  | the Orb.
     0 | D:1      | Reached XP level 1. HP: 10/10 MP: 3/3
   286 | D:1      | Reached XP level 2. HP: 11/15 MP: 0/5
   432 | D:1      | Reached skill level 4 in Earth Magic
   918 | D:2      | Noticed Natasha
   925 | D:2      | Killed Natasha
   926 | D:2      | Reached XP level 3. HP: 15/19 MP: 2/6
   972 | D:2      | Learned a level 3 spell: Stone Arrow
  1048 | D:2      | Noticed Natasha
  1064 | D:2      | Killed Natasha
  1065 | D:2      | Reached XP level 4. HP: 18/24 MP: 5/7
  1074 | D:2      | Noticed Natasha
  1081 | D:2      | Killed Natasha
  1187 | D:2      | Reached skill level 5 in Earth Magic
  1203 | D:2      | Learned a level 3 spell: Passwall
  1253 | D:2      | Reached XP level 5. HP: 25/28 MP: 3/9
  1563 | D:2      | Found a bloodstained altar of Trog.
  1743 | D:3      | Noticed Sigmund
  1775 | D:3      | Found a faded altar of an unknown god.
  1801 | D:3      | Noticed Grinder
  1826 | D:3      | Prayed at the altar of an unknown god.
  1826 | D:3      | Became a worshipper of Makhleb the Destroyer
  1826 | D:3      | Reached * piety under Makhleb
  1862 | D:3      | Noticed Terence
  1881 | D:3      | Killed Terence
  1919 | D:3      | Noticed Ijyb
  1933 | D:3      | Killed Ijyb
  2146 | D:4      | Reached XP level 6. HP: 28/32 MP: 6/10
  2161 | D:4      | Learned a level 4 spell: Brom's Barrelling Boulder
  2284 | D:4      | Reached skill level 6 in Earth Magic
  2497 | D:4      | Reached XP level 7. HP: 30/36 MP: 7/12
  2555 | D:4      | Reached skill level 5 in Conjurations
  2908 | D:4      | Found a glowing golden altar of the Shining One.
  2909 | D:4      | Found a bloodstained altar of Trog.
  2957 | D:5      | Entered Level 5 of the Dungeon
  3278 | D:5      | Reached skill level 7 in Earth Magic
  3398 | D:5      | Noticed Pikel
  3438 | D:5      | HP: 1/36 [Pikel/+0 whip of flaming (3)]
  3438 | D:5      | Slain by Pikel

Illustrated notes

Levels and vault maps discovered:
D:1:      dpeg_arrival_rooms_with_view, layout_basic,
          minmay_misc_feat_more_columns
D:2:      layout_rooms, basic_altar, chequers_serial_rivers_room_b, uniq_natasha
D:3:      layout_rooms, hellmonk_ecumenical_altar_inner_sanctum, uniq_terence,
          uniq_sigmund, uniq_ijyb, uniq_grinder
D:4:      layout_layer_cave, nicolae_overflow_hidden_temple, st_stairs_8
D:5:      layout_basic, uniq_pikel

Skill      XL: |  1  2  3  4  5  6  7 |
---------------+----------------------+-----
Earth Magic    | 4 5 6 7 |  7.1
Conjurations   | 2 3 4 5 |  5.6
Spellcasting   | 3 |  3.8
Dodging        | |  1.5
Stealth        | |  2.1

Action                     |  1- 3 |  4- 6 |  7- 9 || total
---------------------------+-------+-------+-------++-------
  Melee: Dagger            |     7 |    54 |    32 ||    93
   Cast: Sandblast         |    24 |    42 |    18 ||    84
    Use: Scroll            |     1 |     5 |     3 ||     9
   Stab: Sleeping          |     1 |       |       ||     1
         Distracted        |       |     1 |       ||     1
 Armour: Robe              |     9 |    72 |    32 ||   113
  Dodge: Dodged            |     9 |    60 |    18 ||    87
